Map: Acropolis LE

Players

Smeeeger

  • Race: Terran Terran
  • League: Platinum
  • Spawn Location: 5:00

A.I. 1 (Harder) - Winner!

  • Race: Terran Terran
  • Spawn Location: 11:00

VOD

Have the link to the VOD?

Description

Time

  • Played on: July 24, 2019, 10:15 p.m.
  • Length: 1:45
Show
View Real Time Build Order
Export as new Build Order

Smeeeger Terran 

Build Orders:  

Get SALT Encoding   

  12  0:01  SCV  
  13  0:16  SCV  
  13  0:17  Supply Depot  
  14  0:29  SCV  
  15  0:40  Barracks  
  15  0:43  SCV  
  15  0:46  Refinery  
  16  0:55  SCV  
  17  1:07  SCV  
  18  1:19  SCV  
  19  1:32  Command Center  
Show
View Real Time Build Order
Export as new Build Order

A.I. 1 (Harder) Terran - Winner!

Build Orders:  

Get SALT Encoding   

  12  0:00  SCV  
  13  0:13  SCV  
  14  0:18  Supply Depot  
  14  0:25  SCV  
  15  0:40  SCV  
  15  0:42  Barracks  
  16  0:47  Refinery  
  16  0:52  SCV  
  17  1:04  SCV  
  18  1:16  SCV  
  19  1:20  Supply Depot  
  19  1:28  SCV  
  21  1:39  Barracks  
Tags
 
League
Platinum
Matchup
TvT
Race
Terran
Replay Pack
SC2 replays
Spawn Locations
Cross Positions
Add a new tag
Caveats
  • Supply blocks, unpowered buildings, or Contaminate may cause inaccurate times.
  • Supply counts are checked every 10 seconds.